 Dungeon Crawl Stone Soup version 0.14-a0-3445-g2afddda (webtiles) character file.

830 Bloax the Insei (level 7, -2/35 HPs)
             Began as a Vine Stalker Monk on Mar 23, 2014.
             Was a Believer of Cheibriados.
             Killed by divine providence
             ... invoked by an orc priest
              (7 damage)
             ... on Level 4 of the Dungeon.
             The game lasted 00:08:56 (1667 turns).

Bloax the Insei (Vine Stalker Monk)                 Turns: 1667, Time: 00:08:56

HP  -2/35        AC  8     Str 18      XL: 7   Next: 47%
MP   0/18        EV 14     Int 14      God: Cheibriados [**....]
Gold 205         SH  0     Dex 22      Spells:  0 memorised, 14 levels left

rFire  . . .     SeeInvis .       - Unarmed
rCold  + . .     Clarity  .     c - +2 leather armour {rC+}
rNeg   . . .     Conserve +     (no shield)
rPois  +         rCorr    .     (no helmet)
rElec  .         rRot     +     l - +2 cloak
SustAb . .       Spirit   +     (no gloves)
rMut   .         Warding  .     (no boots)
Saprov . . .     Stasis   .     g - amulet of conservation
MR     .....                    (no ring)
                                n - ring of poison resistance

@: about to teleport, very slow, not resistant to hostile enchantments, stealthy
A: fangs 2, regeneration 2, magic shield, antimagic bite, no device heal
a: Bend Time, Renounce Religion


You were on level 4 of the Dungeon.
You worshipped Cheibriados.
Cheibriados was pleased with you.
You were full.

You visited 2 branches of the dungeon, and saw 5 of its levels.

You collected 205 gold pieces.


Innate Abilities, Weirdness & Mutations

You have extremely sharp teeth.
You heal very quickly.
When hurt, damage is shared between your health and your magic reserves.
Your bite disrupts and absorbs the magic of your enemies.
Potions and wands cannot restore your HP.


   Skills:
 - Level 2.6 Fighting
 + Level 3.2 Dodging
 - Level 2.4 Stealth
 + Level 6.6 Unarmed Combat
 - Level 4.4 Spellcasting
 + Level 2.0 Invocations


You had 14 spell levels left.
You didn't know any spells.

Dungeon Overview and Level Annotations

Branches:
Dungeon (4/15)             Temple (1/1) D:4

Altars:
Cheibriados
Dithmenos
Fedhas
Kikubaaqudgha
Okawaru
Sif Muna
Trog
Yredelemnul
The Shining One

Annotations:
D:4 Pikel

Inventory:

Hand weapons
 e - a +0,+0 scythe
   (You took it off Sigmund on level 3 of the Dungeon)
Missiles
 m - 14 poisoned needles
Armour
 c - a +2 leather armour of cold resistance (worn)
   (You found it on level 1 of the Dungeon)
 l - a +2 cloak (worn)
   (You found it on level 2 of the Dungeon)
Magical devices
 a - a wand of disintegration (8)
   (You found it on level 3 of the Dungeon)
 o - a wand of fireball (5)
   (You found it on level 4 of the Dungeon)
Comestibles
 b - 6 bread rations
Scrolls
 j - a scroll of enchant armour
 k - 3 scrolls of enchant weapon II
Jewellery
 g - an amulet of conservation (around neck)
   (You found it on level 1 of the Dungeon)
 n - a ring of poison resistance (left hand)
   (You found it on level 3 of the Dungeon)
Potions
 d - 4 potions of curing
 h - a potion of confusion {unknown}
 i - a potion of magic {unknown}

...........# ######.....# #
#.....# # #.....# # #.....#
# ###'### # #.#
########[#################.
................@IJJo......#
########.##########o...####
.[ .... ........o...+ ##
###.. #######....# ##.#
.....# .. #....# # .# .....o
# . .....). # ......


You could see an ice beast, 2 jellies, an orc priest and an orc wizard.


Message History

The fireball engulfs the orc.
You kill the orc!
Cheibriados appreciates the change of pace.
The fireball engulfs the orc priest.
The orc priest is moderately wounded.
The fireball engulfs the ball python.
You kill the ball python!
Cheibriados thoroughly appreciates the change of pace.
The ice beast barely misses you.
Unknown command.
Unknown command.
Unknown command.
Unknown command.
You barely miss the ice beast.
You bite the ice beast, but do no damage.
The ice beast is moderately wounded.
You hear a slurping noise.
The orc wizard mumbles some strange words.
The orc wizard blinks!
The ice beast hits you but does no damage.
Unknown command.
You closely miss the ice beast.
The ice beast is moderately wounded.
You hear a slurping noise.
The ice beast completely misses you.
Unknown command.
You hear a slurping noise. x2
The jelly splits in two!
Unknown command.
Unknown command.
You hit the ice beast. You punch the ice beast.
The ice beast is heavily wounded.
The ice beast closely misses you.
Unknown command.
You barely miss the ice beast.
The ice beast is heavily wounded.
The ice beast hits you. The ice beast freezes you. You resist.
Unknown command.
You hit the ice beast but do no damage.
You bite the ice beast, but do no damage.
The ice beast is heavily wounded.
The ice beast barely misses you.
Unknown command.
You closely miss the ice beast.
You bite the ice beast, but do no damage.
The ice beast is heavily wounded.
The ice beast closely misses you.
Unknown command.
You barely miss the ice beast.
You punch the ice beast, but do no damage.
The ice beast is heavily wounded.
Unknown command.
You closely miss the ice beast. You bite the ice beast. You drain its power.
You feel invigorated.
The ice beast is heavily wounded.
The ice beast closely misses you.
The orc priest invokes the aid of Beogh against you.
Something smites you!
* * * LOW HITPOINT WARNING * * *
Read which item? (? for menu, Esc to quit)
As you read the scroll of teleportation, it crumbles to dust.
You feel strangely unstable. The ice beast closely misses you.
The orc priest calls down the wrath of Beogh upon you.
Something smites you!
* * * LOW HITPOINT WARNING * * *
Unknown command.
Unknown command.
The orc priest calls down the wrath of Beogh upon you.
Something smites you!
You die...

Action                   |  1- 3 |  4- 6 |  7- 9 || total
-------------------------+-------+-------+-------++-------
Melee: Unarmed           |    99 |   168 |    37 ||   304
Evoke: Wand              |       |     6 |     2 ||     8
  Use: Scroll            |     7 |     5 |     1 ||    13
       Potion            |       |     3 |       ||     3
 Stab: Sleeping          |     2 |     4 |       ||     6

Vault maps used:
D:1:      dpeg_arrival_orchard
D:2:      gammafunk_temple_overflow_wave
D:3:      fedhas_ov_isle_minmay, grunt_temple_overflow_open,
          hangedman_glass_teeth, guppyfry_early_orc_mine, uniq_natasha,
          uniq_sigmund, uniq_iyjb
D:4:      xom_butterflies, temple_pool_a, serial_shops, shop, first_bread,
          uniq_pikel, uniq_prince_ribbit1, uniq_grinder
Temple:   circular_temple_6

Notes
Turn   | Place    | Note
--------------------------------------------------------------
     0 | D:1      | Bloax, the Vine Stalker Monk, began the quest for the Orb.
     0 | D:1      | Reached XP level 1. HP: 11/11 MP: 1/1
    64 | D:1      | Reached skill level 1 in Spellcasting
    90 | D:1      | Reached XP level 2. HP: 16/16 MP: 4/4
   455 | D:2      | Reached XP level 3. HP: 16/19 MP: 6/6
   527 | D:2      | Reached skill level 2 in Spellcasting
   591 | D:2      | Reached XP level 4. HP: 20/23 MP: 9/9
   760 | D:2      | Reached skill level 5 in Unarmed Combat
   788 | D:2      | Found an iron altar of Okawaru.
   788 | D:2      | Found a basalt altar of Yredelemnul.
   860 | D:3      | Found an ancient bone altar of Kikubaaqudgha.
   863 | D:3      | Found a bloodstained altar of Trog.
   864 | D:3      | Found a deep blue altar of Sif Muna.
   943 | D:3      | Found a blossoming altar of Fedhas.
   974 | D:3      | Noticed Sigmund
   988 | D:3      | Reached skill level 3 in Spellcasting
   988 | D:3      | Reached XP level 5. HP: 19/27 MP: 7/13
   998 | D:3      | HP: 7/40 [something/puff of flame (6)]
  1005 | D:3      | Killed Sigmund
  1163 | D:3      | Gained mutation: You heal very quickly. [vine stalker growth]
  1163 | D:3      | Reached XP level 6. HP: 17/32 MP: 8/15
  1166 | D:3      | Reached skill level 4 in Spellcasting
  1177 | D:3      | Reached skill level 6 in Unarmed Combat
  1365 | D:4      | Found a staircase to the Ecumenical Temple.
  1377 | D:4      | Noticed Prince Ribbit
  1394 | D:4      | HP: 8/32 [Prince Ribbit (5)]
  1400 | Temple   | Entered the Ecumenical Temple
  1413 | Temple   | Became a worshipper of Cheibriados the Contemplative
  1519 | D:4      | Killed Prince Ribbit
  1519 | D:4      | Reached skill level 3 in Dodging
  1519 | D:4      | Reached skill level 1 in Invocations
  1519 | D:4      | Reached XP level 7. HP: 20/35 MP: 11/18
  1522 | D:4      | Noticed Pikel
  1595 | D:4      | Reached skill level 2 in Invocations
  1666 | D:4      | HP: 4/35 [orc priest/divine providence (11)]
  1667 | D:4      | Killed from afar by an orc priest

Vanquished Creatures
  Prince Ribbit (D:4)
  2 slaves (D:4)
  Sigmund (D:3)
  A scorpion (D:4)
  An orc priest (D:3)
  A centaur skeleton (D:4)
  An iguana (D:4)
  2 orc wizards (D:3)
  8 adders
  A giant mite (D:2)
  2 worms (D:3)
  A giant gecko (D:2)
  6 orcs
  2 ball pythons
  2 giant cockroaches
  6 goblins
  9 hobgoblins
  8 kobolds
  3 quokkas
  7 bats
  3 giant newts
  7 jackals
  An orc skeleton (D:4)
  5 rats
81 creatures vanquished.
